 Dungeon Crawl Stone Soup version 0.17-a0-755-g4391640 (webtiles) character file.

18523 oplop the Zephyrmancer (level 12, 0/71 HPs)
             Began as a Tengu Air Elementalist on Apr 23, 2015.
             Was a Priest of Ashenzari.
             Slain by a river rat (5 damage)
             ... on level 1 of the Lair of Beasts.
             The game lasted 00:48:14 (17518 turns).

oplop the Zephyrmancer (Tengu Air Elementalist)    Turns: 17518, Time: 00:48:14

Health: 0/71       AC: 11    Str:  9    XL:     12   Next: 59%
Magic:  10/23      EV: 18    Int: 22    God:    Ashenzari [***...]
Gold:   632        SH:  0    Dex: 15    Spells: 7 memorised, 14 levels left

rFire  . . .     SeeInvis .     q - +2 short sword (protect) (curse)
rCold  . . .     Clarity  .     o - +2 robe {MR+} (curse)
rNeg   . . .     SustAb   .     (no shield)
rPois  .         Gourm    .     P - +0 hat (curse)
rElec  .         Spirit   .     p - +1 cloak (curse)
rCorr  .         Warding  .     (no gloves)
rMut   .         Stasis   .     (boots unavailable)
MR     +....                    (no amulet)
Stlth  +++.......               (no ring)
                                (no ring)

@: repel missiles, somewhat resistant to hostile enchantments, fairly stealthy
A: beak, talons 3, clever 1, low mp 1, mutation resistance 2, able to fly 1
a: Fly, Scrying, Renounce Religion


You were on level 1 of the Lair of Beasts.
You worshipped Ashenzari.
Ashenzari was most pleased with you.
You were very hungry.

You visited 3 branches of the dungeon, and saw 15 of its levels.

You collected 632 gold pieces.

Inventory:

Hand weapons
 i - a +2 dagger of venom
 q - a cursed +2 short sword of protection (weapon)
Armour
 o - a cursed +2 robe of magic resistance (worn)
 p - a cursed +1 cloak (worn)
 P - a cursed +0 hat (worn)
Jewellery
 j - an uncursed ring of fire
Magical devices
 a - a wand of confusion (20)
 g - a wand of draining (7)
 t - a wand of slowing (37)
 w - a wand of fire (10)
 D - a wand of polymorph (4)
 F - a wand of magic darts (30)
 G - a wand of slowing (31)
 J - a wand of enslavement (7)
Scrolls
 d - a scroll of fear
 e - 2 scrolls of teleportation
 l - 5 scrolls of remove curse
 y - 2 scrolls of enchant armour
 H - 2 scrolls of blinking
 L - a scroll of recharging
 N - 4 scrolls of identify
Potions
 k - 2 potions of poison
 r - a potion of haste
 s - a potion of invisibility
 u - a potion of magic
 x - 3 potions of cancellation
 z - a potion of cure mutation
 A - a potion of restore abilities
 B - a potion of mutation {unknown}
 C - a potion of lignification {unknown}
 E - a potion of berserk rage {unknown}
 I - a potion of degeneration {unknown}
 K - a potion of agility {unknown}
 O - a potion of heal wounds {unknown}
Books
 b - a book of Air

   Spells                             Type                      Level
   a - Shock                          Conjuration/Air              1
   b - Swiftness                      Charms/Air                   2
   c - Repel Missiles                 Charms/Air                   2
   d - Flight                         Charms/Air                   3
   e - Static Discharge               Conjuration/Air              3
   f - Lightning Bolt                 Conjuration/Air              5
 m - a book of Party Tricks

   Spells                             Type                      Level
   a - Summon Butterflies             Summoning                    1
   b - Apportation                    Translocation                1
   c - Tukima's Dance                 Hexes                        3
   d - Alistair's Intoxication        Transmutation/Poison         4
   e - Invisibility                   Hexes                        6
Comestibles
 c - 12 bread rations
 f - 11 slices of pizza
 h - a royal jelly
 n - a meat ration


   Skills:
 + Level 6.8 Fighting
 - Level 7.0(10.0) Short Blades
 + Level 7.1(9.1) Dodging
 - Level 2.0(3.4) Stealth
 + Level 9.3 Spellcasting
 + Level 12.6 Conjurations
 + Level 13.1 Air Magic


You had 14 spell levels left.
You knew the following spells:

 Your Spells              Type           Power        Failure   Level  Hunger
a - Shock                 Conj/Air       ####         1%          1    None
b - Static Discharge      Conj/Air       ######..     1%          3    None
c - Lightning Bolt        Conj/Air       ######....   1%          5    ####...
d - Summon Butterflies    Summ           ##......     10%         1    None
e - Apportation           Tloc           ##........   10%         1    None
r - Repel Missiles        Chrm/Air       #####.       1%          2    None
s - Swiftness             Chrm/Air       #####...     1%          2    None


Dungeon Overview and Level Annotations

Branches:
Dungeon (13/15)            Temple (1/1) D:4            Lair (1/8) D:11
    Orc (0/4) D:11
 Vaults: D:13-14

Altars:
Ashenzari
Cheibriados
Dithmenos
Elyvilon
Fedhas
Gozag
Kikubaaqudgha
Makhleb
Nemelex Xobeh
Okawaru
Qazlal
Ru
Sif Muna
Trog
Vehumet
Xom
Yredelemnul
Zin
The Shining One

Shops:
D:8 (*

Annotations:
D:8 oplop's ghost, experienced TeAE


Innate Abilities, Weirdness & Mutations

You have a beak for a mouth.
You have claws for feet.
You can fly.
Your mind is acute. (Int +2)
Your magical capacity is low (-10% MP).
You are somewhat resistant to both further mutation and mutation removal.


Message History

Confirm with . or Enter, or press ? or * to list all spells.
Aiming: Lightning Bolt
Press: ? - help, Shift-Dir - straight line, f/p - blink frog
Aim: a blink frog (severely wounded)
You hear a mighty clap of thunder!
The bolt of lightning hits the blink frog.
You kill the blink frog!
You are feeling very hungry.
A hippogriff comes into view.
You see here a blink frog corpse.
A river rat comes into view.
A river rat comes into view.
A river rat comes into view.
A river rat comes into view.
You see here a river rat corpse.
A river rat comes into view.
The river rat bites you but does no damage.
The river rat closely misses you. The river rat bites you.
You die...

* * ### , .##########.P##
* , ..............
,######+....#.........
.#......(...#......... ,
............#@........ . ,
..#..........#rr.######.§.
*...#.P..###{##rr.......#
,,, ,
#..........H..†..Pr<....#
, ,
#........#######........#
#.......†# #........# ,
#...###..# #..#.........
*.., ##.# #P.#.####....,
,, #.# ##.... ...


You could see 5 river rats.

Vanquished Creatures
  Erica (D:10)
  The ghost of RobertPalmer the Martial Artist, an experienced DsCK of Xom (D:7)
  Pikel (D:7)
  7 hill giants
  3 ugly things
  Maurice (D:8)
  The ghost of asdu the Cudgeler, an experienced DgSk (D:6)
  3 slime creatures (D:12)
  2 trolls
  A two-headed ogre (D:11)
  5 blink frogs (Lair:1)
  Sigmund (D:3)
  A wyvern (D:10)
  A human (D:7)
  6 yaks (D:10)
  A basilisk (D:13)
  A deep elf fighter (D:11)
  A hungry ghost (D:10)
  A steam dragon (D:8)
  4 hippogriffs
  2 water moccasins
  A black bear (D:8)
  3 ice beasts
  2 orc warriors (D:6)
  3 phantoms (D:6)
  A slave (D:7)
  5 necrophages
  4 sky beasts
  7 ogres
  10 centaurs
  An eye of draining (D:10)
  6 big kobolds
  Blork the orc (D:6)
  4 giant frogs
  A wyvern skeleton (D:11)
  4 scorpions
  4 killer bees (D:13)
  2 wights (D:11)
  A goliath beetle (D:8)
  7 crimson imps
  4 jellies
  2 centaur zombies
  3 wasp zombies
  5 centaur skeletons
  8 iguanas
  6 orc priests
  Ijyb (D:2)
  A giant frog zombie (D:11)
  5 giant frog skeletons
  6 hounds
  8 orc wizards
  Terence (D:3)
  13 worker ants
  4 sheep (D:7)
  A hound zombie (D:6)
  A worker ant zombie (D:7)
  15 adders
  3 gnolls (D:7)
  5 river rats
  5 shadow imps
  An ooze (D:2)
  3 worms
  An adder skeleton (D:9)
  An adder zombie (D:6)
  2 giant geckos
  30 orcs
  A ball python (D:1)
  8 giant cockroaches
  15 hobgoblins
  12 jackals
  9 quokkas
  32 bats
  A giant gecko skeleton (D:8)
  4 giant newts
  10 goblins
  39 kobolds
  29 rats
  8 butterflies (D:7)
415 creatures vanquished.

Vanquished Creatures (others)
  A wizard (D:3)
  An orc wizard (D:7)
  An orc priest (D:7)
  A hound (D:7)
  2 orcs (D:7)
  A bat (D:3)
  A rat (D:7)
8 creatures vanquished.

Grand Total: 423 creatures vanquished

Notes
Turn   | Place    | Note
--------------------------------------------------------------
     0 | D:1      | oplop, the Tengu Air Elementalist, began the quest for the Orb.
     0 | D:1      | Reached XP level 1. HP: 10/10 MP: 4/4
   305 | D:1      | Reached XP level 2. HP: 15/15 MP: 1/6
   808 | D:2      | Found an ancient bone altar of Kikubaaqudgha.
   899 | D:2      | Reached XP level 3. HP: 17/19 MP: 7/7
  1533 | D:2      | Reached XP level 4. HP: 24/24 MP: 5/9
  1538 | D:2      | Learned a level 3 spell: Static Discharge
  1585 | D:2      | Found a burning altar of Makhleb.
  1687 | D:2      | Reached skill level 5 in Air Magic
  2020 | D:3      | Noticed Ijyb
  2027 | D:2      | Killed Ijyb
  2240 | D:3      | Gained mutation: You can fly. [Tengu growth]
  2240 | D:3      | Reached XP level 5. HP: 28/28 MP: 6/10
  2619 | D:3      | Noticed Terence
  2640 | D:3      | Killed Terence
  2892 | D:3      | Noticed Sigmund
  2901 | D:3      | Killed Sigmund
  2901 | D:3      | Reached skill level 6 in Air Magic
  2901 | D:3      | Reached XP level 6. HP: 4/32 MP: 1/13
  3173 | D:3      | Found a bloodstained altar of Trog.
  3173 | D:3      | Noticed a wizard
  3283 | D:3      | Killed a wizard
  3443 | D:4      | Reached skill level 5 in Conjurations
  3711 | D:4      | Reached XP level 7. HP: 24/36 MP: 4/14
  3806 | D:4      | Reached skill level 7 in Air Magic
  3904 | D:4      | Found a sacrificial altar of Ru.
  4016 | D:4      | Found a staircase to the Ecumenical Temple.
  4028 | Temple   | Entered the Ecumenical Temple
  4073 | Temple   | Became a worshipper of Ashenzari the Shackled
  4307 | D:5      | Entered Level 5 of the Dungeon
  5129 | D:5      | Found a glowing silver altar of Zin.
  5447 | D:6      | Noticed Blork the orc
  5447 | D:6      | Reached skill level 5 in Spellcasting
  5447 | D:6      | Reached XP level 8. HP: 41/41 MP: 11/16
  5454 | D:6      | Noticed asdu's ghost (experienced DgSk)
  5475 | D:6      | HP: 1/41 [orc warrior/glaive (12)]
  5869 | D:6      | Reached skill level 8 in Air Magic
  5971 | D:6      | Found a sparkling altar of Nemelex Xobeh.
  6056 | D:6      | Learned a level 2 spell: Repel Missiles
  6073 | D:6      | Learned a level 2 spell: Swiftness
  6093 | D:6      | Noticed a hippogriff
  6174 | D:6      | Killed asdu's ghost
  6328 | D:6      | Killed a hippogriff
  6328 | D:6      | Reached skill level 9 in Air Magic
  6582 | D:6      | Reached XP level 9. HP: 4/45 MP: 12/19
  7090 | D:6      | Found a shimmering altar of Xom.
  7210 | D:6      | Killed Blork the orc
  7221 | D:6      | Learned a level 5 spell: Lightning Bolt
  7223 | D:6      | Learned a level 1 spell: Summon Butterflies
  7225 | D:6      | Learned a level 1 spell: Apportation
  7438 | D:5      | Reached skill level 1 in Short Blades
  7616 | D:6      | Reached skill level 1 in Fighting
  7789 | D:6      | Reached skill level 10 in Air Magic
  8106 | D:7      | Noticed RobertPalmer's ghost (experienced DsCK)
  8119 | D:7      | Killed RobertPalmer's ghost
  8489 | D:7      | Reached XP level 10. HP: 54/56 MP: 14/21
  8865 | D:7      | Noticed Pikel
  8888 | D:7      | Killed Pikel
  9343 | D:8      | Noticed a hill giant
  9349 | D:8      | Noticed a hill giant
  9351 | D:8      | Killed a hill giant
  9351 | D:8      | Reached skill level 5 in Fighting
  9351 | D:8      | Reached skill level 5 in Short Blades
  9351 | D:8      | Reached skill level 10 in Conjurations
  9353 | D:8      | Noticed a cyclops
  9505 | D:8      | Found Cereed's Weapon Shoppe.
  9562 | D:8      | Found a sparkling altar of Nemelex Xobeh.
  9649 | D:8      | Noticed oplop's ghost (experienced TeAE)
  9847 | D:8      | Acquired Ashenzari's first power
  9852 | D:8      | Noticed Maurice
  9974 | D:8      | Reached skill level 11 in Air Magic
 10078 | D:8      | Gained mutation: Your mind is acute. (Int +2) [mutagenic meat]
 10079 | D:8      | Gained mutation: Your magical capacity is low (-10% MP). [mutagenic meat]
 10080 | D:8      | Gained mutation: You are somewhat resistant to further mutation. [mutagenic meat]
 10225 | D:8      | Found a snail-covered altar of Cheibriados.
 10953 | D:9      | Found an opulent altar of Gozag.
 11355 | D:9      | Found a stormy altar of Qazlal.
 11366 | D:10     | Entered Level 10 of the Dungeon
 11366 | D:10     | Noticed a hill giant
 11384 | D:10     | Killed a hill giant
 11384 | D:10     | Reached XP level 11. HP: 57/64 MP: 6/21
 11635 | D:10     | Noticed a hill giant
 11637 | D:10     | Noticed a hill giant
 11647 | D:10     | Killed a hill giant
 11647 | D:10     | Killed a hill giant
 11650 | D:10     | Noticed a hill giant
 11766 | D:9      | Gained mutation: You are somewhat resistant to both further mutation and mutation removal. [potion of beneficial mutation]
 12478 | D:10     | Killed a hill giant
 12656 | D:10     | Noticed Erica
 12949 | D:10     | Killed Erica
 12949 | D:10     | Reached skill level 5 in Dodging
 13058 | D:10     | Reached skill level 12 in Air Magic
 13820 | D:11     | Found a staircase to the Orcish Mines.
 13965 | D:10     | Noticed a hill giant
 14724 | D:11     | Found a staircase to the Lair.
 14728 | D:11     | Reached XP level 12. HP: 61/69 MP: 12/23
 16502 | D:13     | Acquired Ashenzari's second power
 16617 | D:13     | Noticed a catoblepas
 16958 | D:8      | Found Mesemadgh's General Store.
 17311 | D:8      | Killed Maurice
 17311 | D:8      | Reached skill level 13 in Air Magic
 17473 | Lair:1   | Entered Level 1 of the Lair of Beasts
 17504 | Lair:1   | HP: 2/71 [blink frog (9)]
 17518 | Lair:1   | Slain by a river rat

Action                   |  1- 3 |  4- 6 |  7- 9 | 10-12 || total
-------------------------+-------+-------+-------+-------++-------
Melee: Unarmed           |     7 |       |       |       ||     7
       Whip              |    38 |    36 |       |       ||    74
       Dagger            |       |    12 |    74 |    27 ||   113
       Dire flail        |       |       |    23 |   115 ||   138
       Short sword       |       |       |       |   175 ||   175
 Cast: Shock             |    56 |    73 |   193 |   380 ||   702
       Static Discharge  |       |    12 |    52 |    93 ||   157
       Repel Missiles    |       |       |     1 |     5 ||     6
       Lightning Bolt    |       |       |       |    58 ||    58
       Swiftness         |       |       |       |     2 ||     2
Invok: Scrying           |       |       |       |     3 ||     3
 Abil: Fly               |       |       |       |     5 ||     5
Evoke: Wand              |       |       |     1 |     4 ||     5
  Use: Potion            |       |     1 |       |     8 ||     9
       Scroll            |       |       |     8 |    15 ||    23
 Stab: Sleeping          |     2 |     1 |     1 |     2 ||     6
  Eat: Chunk             |     2 |     3 |     4 |    22 ||    31
       Fruit             |       |     2 |       |     3 ||     5
       Meat ration       |       |     1 |     1 |     3 ||     5
       Beef jerky        |       |       |     3 |     5 ||     8
       Pizza             |       |       |     1 |       ||     1
       Royal jelly       |       |       |       |     1 ||     1
